← All builds
Suicide front / Armada / Factory first / OBSERVED BUILD

Standard suicide front

The role's default: factory first (mostly Bot Lab), pushing Rocketeer-led bot play into the middle to contest and hold the front, with an Advanced Metal Extractor around 9:36 as the natural transition.

Usually lab first (63%)

#raid #push · 1291 distinct matches · 127 players · 71% of Armada Suicide front games · team won 59% of 1529 · Recently observed

HOW TO PLAY IT

Key timing: Bot Lab by 0:20

  1. Open with mex and wind, drop Bot Lab immediately.
  2. Push out first "Centurion" as Pond's boost lands.
  3. Send "Rocketeer", "Centurion", "Pawn" mix to contest middle.
  4. Add Dragon's Teeth and Sentries to hold the line.
  5. Get Advanced Metal Extractor up as T2 nears.

Phase by phase

TYPICAL OF ITS 1291 GAMES
  1. 1
  2. 2
  3. 3
PLAY THE OPENING

Follow the example game's first 6:00 step by step: what to build now, what comes next, and where it goes. At 1× it keeps pace with your own game.

  1. 1

    Bot Lab first

    Order
    1. Bot LabBot Lab done ~0:20, middle half 0:20–0:33

    Some games also: mex (36%)

  2. 2

    Bot Lab to 5:00

    Economy
    • Metal Extractor5Mex
    • Wind Turbine4Wind
    Builders
    • Construction Bot3 Con bot
    • Lazarus2 Lazarus
    Army
    • Sentry4 Sentry
    • Rocketeer17 Rocketeer
    • Tick2 Tick
    • Centurion1 Centurion
    Other
    • Radar Tower1 Radar Tower

    Some games also: con turret (35%) · pawn (32%)

    By 5:00 in all: 5 mex · 4 wind

    The example game in this phase · 36 steps
    1. Mex
    2. LazarusLazarus
    3. Mex
    4. Wind
    5. Construction BotCon bot
    6. Solar
    7. TickTick
    8. LazarusLazarus
    9. Con turret
    10. Mex
    11. RocketeerRocketeer ×2
    12. Mex
    13. Energy storage
    14. PawnPawn
    15. SentrySentry
    16. PawnPawn
    17. RocketeerRocketeer ×2
    18. SentrySentry
    19. RocketeerRocketeer
    20. Mex
    21. RocketeerRocketeer
    22. LazarusLazarus
    23. Radar TowerRadar Tower
    24. RocketeerRocketeer ×2
    25. SentrySentry
    26. RocketeerRocketeer ×2
    27. SentrySentry
    28. LazarusLazarus
    29. RocketeerRocketeer ×6
    30. PawnPawn ×3
    31. RocketeerRocketeer
    32. PawnPawn ×2
    33. Mex
    34. PawnPawn ×3
    35. JanusJanus
    36. PawnPawn ×2
  3. 3

    5:00 to 10:00

    Economy
    • Metal Extractor1Mex
    • Wind Turbine17Wind
    Builders
    • Construction Turret2 Con turret
    • Lazarus2 Lazarus
    • Construction Bot1 Con bot
    Army
    • Sentry1 Sentry
    • Rocketeer8 Rocketeer
    • Pawn1 Pawn

    Some games also: tick (47%) · energy storage (46%) · Radar Tower (46%) · centurion (45%) · Beamer (39%)

    By 10:00 in all: 6 mex · 23 wind · 1 energy storage · 3 con turret

    The example game in this phase · 39 steps
    1. RocketeerRocketeer ×4
    2. Con turret
    3. LazarusLazarus
    4. SentrySentry
    5. RocketeerRocketeer
    6. SentrySentry
    7. RocketeerRocketeer ×4
    8. Mex
    9. RocketeerRocketeer ×5
    10. LazarusLazarus
    11. PawnPawn ×2
    12. Construction BotCon bot
    13. SentrySentry
    14. Construction BotCon bot ×2
    15. PawnPawn ×3
    16. ThugThug
    17. PawnPawn ×2
    18. StoutStout
    19. Wind
    20. PawnPawn
    21. RocketeerRocketeer
    22. PawnPawn
    23. Wind
    24. PawnPawn
    25. StoutStout
    26. PawnPawn
    27. Wind
    28. PawnPawn ×2
    29. Wind
    30. JanusJanus
    31. Radar TowerRadar Tower
    32. StoutStout
    33. PawnPawn
    34. Wind
    35. PawnPawn
    36. RocketeerRocketeer ×3
    37. Wind
    38. SentrySentry ×3
    39. RocketeerRocketeer

Counts are medians over the build's games: half of them build more, half fewer. The example game is Xad's (46 OS, 25/09/2026); pick another.

Team trades

IN AT LEAST 30% OF ITS GAMES

You hand over

Nothing regular.

You get

  • Tidal Generator4 Tidal from Pondfirst at 0:10 · in 69% of games
  • Advanced Construction Bot1 T2 con bot from Geo or Techfirst at 7:30 · in 59% of games

How it plays out

Typical game of this build, running totals by minute

Metal produced

010k20k30k
0:005:0010:0015:00

metal

Enemy metal destroyed

05k10k
0:005:0010:0015:00

metal

Own metal lost

05k10k
0:005:0010:0015:00

metal

1529 games.

Show as table
ByMetal produced: This buildEnemy metal destroyed: This buildOwn metal lost: This build
1:0022600
2:0088800
3:002051180106
4:003161658496
5:00424314131026
6:00543322981789
7:00667031752710
8:00792040313619
9:00931747964495
10:001069954265316
11:001226559036054
12:001411365126830
13:001622270137536
14:001810976968373
15:002046683299249
WHAT THE NUMBERS SAY

Standard suicide front play wins slightly more than half its games with fast kills but also fast losses, matching the raw grind of the role.

  • + First kill lands by 2:04 in all games
  • + Metal produced reaches 19882 by 15:00
  • − Own metal lost hits 9208 by 15:00, near metal destroyed of 8172
  • − First unit lost as early as 2:08 in every game
THE EXAMPLE YOU ARE READING

Xad

46.2 OS · 25/09/2026

Open source match ↗

4 received units
62 metal received · 35533 energy received

Allied construction assistance is unknown. Timings are observations, not a promise of solo reproducibility.

Typical milestones

Bot Lab0:20Middle 50%: 0:20–0:33 · n=1522
Advanced Metal Extractor9:36Middle 50%: 8:41–10:48 · n=1128

Played most by

_X_253games of this buildPlatinumBlonde181games of this buildXad120games of this buildImmort73games of this buildwatermeloans60games of this build